 Adventure DCSS version bcrawl-1.39.1 (webtiles) character file.

Game seed: 8519330690815410471

139324 Kahsius the Skirmisher (level 7, 0/64 HPs)
             Began as a Hill Orc Martial Artist on Sept 7, 2023.
             Was an Elder of Wu Jian.
             Succumbed to a killer bee's poison
             ... on level 8 of the Dungeon.
             The game lasted 00:23:36 (7160 turns).

Kahsius the Skirmisher (Hill Orc Martial Artist)    Turns: 7160, Time: 00:23:37

Health: 0/64       AC:  4    Str: 15    XL:     7   Next: 91%
Magic:  8/8        EV: 14    Int:  9    God:    Wu Jian [****..]
Gold:   427        SH:  5    Dex: 15    Spells: 7/8 levels left
                                        Lives:  0   Deaths: 2

rFire    . . .     GDR:     32%   - Fists (11.3)
rCold    . . .     SeeInvis .   (no shield)
rNeg     + . .     Gourm    .   u - +1 leather armour {MR+}
rPois    .         Faith    .   (no helmet)
rElec    .         Spirit   .   (no cloak)
rCorr    .         Reflect  +   (no gloves)
MR       +....                  (no boots)
Stlth    ++........             o - +5 amulet of reflection
HPRegen  0.20/turn              s - ring of flight
MPRegen  0.11/turn              v - ring of positive energy

@: lethally poisoned (0 -> -10), lightly drained
A: no striking features
a: Wall Jump, Serpent's Lash, Heavenly Storm, Renounce Religion, Evoke Flight


You were on level 8 of the Dungeon.
You worshipped Wu Jian.
Wu Jian was greatly pleased with you.
You were not hungry.

You visited 1 branch of the dungeon, and saw 8 of its levels.

You collected 427 gold pieces.

Inventory:

Armour
 u - a +1 leather armour of magic resistance (worn)
Jewellery
 a - an uncursed amulet of guardian spirit {unknown}
 m - an uncursed amulet of the gourmand
 o - a +5 amulet of reflection (around neck)
 s - a ring of flight (left hand)
 v - a ring of positive energy (right hand)
 w - a +3 ring of protection {unknown}
Wands
 B - a wand of iceblast (4)
Scrolls
 d - a scroll of enchant armour {unknown}
 i - 4 scrolls of identify
 j - a scroll of amnesia {unknown}
 k - 2 scrolls of blinking {unknown}
 n - 2 scrolls of noise {unknown}
 p - 2 scrolls of teleportation {unknown}
 t - 2 scrolls of remove curse
 x - a scroll of immolation {unknown}
 y - a scroll of fear
 z - 2 scrolls of fog {unknown}
Potions
 b - a potion of agility
 c - a potion of curing
 f - a potion of mutation {unknown}
 g - 3 potions of resistance
 h - a potion of heal wounds {unknown}
 l - a potion of cancellation {unknown}
 q - a potion of lignification {unknown}
 r - a potion of magic {unknown}
Comestibles
 e - 10 rations {!d}


   Skills:
 + Level 6.3(6.1) Fighting
   Level 6.3(6.1) Short Blades
   Level 6.3(6.1) Long Blades
   Level 6.3(6.1) Axes
   Level 6.3(6.1) Maces & Flails
   Level 6.3(6.1) Polearms
   Level 6.3(6.1) Staves
 + Level 6.2(6.1) Armour
 + Level 5.2(5.0) Dodging
 + Level 4.2(4.0) Stealth
   Level 6.3(6.1) Unarmed Combat
 + Level 1.0(0.8) Spellcasting
 + Level 1.0(0.8) Hexes


You had 7 spell levels left.
You knew the following spells:

 Your Spells              Type           Power        Failure   Level  Hunger
a - Confusing Touch       Hex            #.......     32%         1    None

Your spell library contained the following spells:

 Spells                   Type           Power        Failure   Level  Hunger
 Necrotize                Necr           #.....       41%         1    None
 Vampiric Draining        Necr           #.........   80%         3    #####..
 Agony                    Necr           #.......     99%         4    ######.
 Animate Dead             Necr           N/A          99%         4    ######.
 Dispel Undead            Necr           #.......     100%        5    #######


Dungeon Overview and Level Annotations

Branches:
Dungeon (8/12)
 Temple: D:4-7         Lair: D:7-9          Orc: D:8-11

Altars:
Ashenzari
Dithmenos
Elyvilon
Fedhas
Lugonu
Trog
Vehumet
Xom
Zin

Shops:
D:4 (


Message History

You feel sick.
The killer bee stings you but does no damage.
The killer bee barely misses you. The killer bee stings you.
* * * LOW HITPOINT WARNING * * *
You are lethally poisoned!
The killer bee poisons you! You block the killer bee's attack.
The killer bee barely misses you.
You climb downwards.
A rune on the stairs sparks and fizzles.
* * * LOW HITPOINT WARNING * * *
You feel sick.
There is a stone staircase leading up here.
You hit the killer bee.
The killer bee is heavily wounded.
* * * LOW HITPOINT WARNING * * *
You feel sick. The killer bee stings you.
* * * LOW HITPOINT WARNING * * *
You closely miss the killer bee.
The killer bee is heavily wounded.
You die... ######### #@yy..... #########

You could see 2 killer bees.

Vanquished Creatures
  A hornet (D:6)
  A water moccasin (D:5)
  The ghost of kosoiffoigrumme1174 the Sneak, an amateur VSAE of Elyvilon (D:4)
  A sky beast (D:4)
  An ice beast (D:6)
  A black bear (D:7)
  An ogre (D:6)
  A kobold brigand (D:6)
  2 centaurs
  A scorpion (D:4)
  A bullfrog zombie (D:5)
  2 hounds
  2 orc wizards
  A bullfrog skeleton (D:5)
  An iguana (D:4)
  5 worker ants
  A worker ant zombie (D:5)
  6 adders
  A shadow imp (D:6)
  2 oozes
  2 adder skeletons
  2 worms
  3 dart slugs (D:1)
  6 leopard geckos
  28 orcs
  5 bats
  2 giant cockroaches (D:2)
  2 goblins
  12 hobgoblins
  14 jackals
  13 kobolds
  7 quokkas
  A ball python (D:2)
  3 frilled lizards
  A jackal zombie (D:5)
  A quokka skeleton (D:5)
  7 rats
142 creatures vanquished.

Vanquished Creatures (others)
  3 plants (D:5)
  14 toadstools (D:7)
17 creatures vanquished.

Grand Total: 159 creatures vanquished

Notes
Turn   | Place    | Note
-------+----------+-------------------------------------------
     0 | D:1      | Kahsius the Hill Orc Martial Artist began the quest for the
                  | Orb.
     0 | D:1      | Reached XP level 1. HP: 20/20 MP: 2/2
   135 | D:1      | Reached XP level 2. HP: 28/28 MP: 3/3
   405 | D:1      | Reached XP level 3. HP: 35/35 MP: 4/4
   821 | D:2      | Reached skill level 5 in Fighting
  1036 | D:2      | Reached skill level 1 in Stealth
  1081 | D:2      | Reached ** piety under Wu Jian
  1133 | D:2      | Found a faded altar of an unknown god.
  1160 | D:2      | Found a shadowy altar of Dithmenos.
  1474 | D:2      | Found a radiant altar of Vehumet.
  1563 | D:2      | Reached XP level 4. HP: 42/42 MP: 5/5
  2211 | D:3      | Reached *** piety under Wu Jian
  2262 | D:3      | Found a glowing silver altar of Zin.
  2388 | D:4      | Found Ishamupp's Antique Weapon Shoppe.
  2388 | D:4      | Found a shimmering altar of Xom.
  2433 | D:3      | Reached XP level 5. HP: 43/48 MP: 6/6
  2607 | D:3      | Reached skill level 1 in Armour
  3271 | D:4      | Found a runed translucent door.
  3428 | D:4      | Reached XP level 6. HP: 33/56 MP: 7/7
  3600 | D:4      | Noticed kosoiffoigrumme1174's ghost (amateur VSAE)
  3613 | D:4      | Noticed a sky beast
  3845 | D:4      | Killed a sky beast
  3952 | D:4      | Reached XP level 7. HP: 58/61 MP: 8/8
  4371 | D:4      | Killed kosoiffoigrumme1174's ghost
  4453 | D:5      | Entered Level 5 of the Dungeon
  4498 | D:5      | Reached **** piety under Wu Jian
  4505 | D:5      | HP: 2/61 [water moccasin (9)]
  4506 | D:5      | Slain by a water moccasin
  4507 | D:5      | Reached XP level 6. HP: -1/56 MP: 7/7
  4510 | D:5      | Killed a water moccasin
  4587 | D:5      | Found a white marble altar of Elyvilon.
  4731 | D:5      | Reached XP level 7. HP: 53/62 MP: 8/8
  4793 | D:5      | Found a bloodstained altar of Trog.
  4965 | D:5      | Reached skill level 5 in Armour
  5736 | D:6      | Found a shattered altar of Ashenzari.
  5975 | D:6      | Found a corrupted altar of Lugonu.
  5990 | D:6      | Reached XP level 8. HP: 59/70 MP: 9/9
  6777 | D:7      | Found a blossoming altar of Fedhas.
  6867 | D:7      | Noticed a hornet
  6911 | D:6      | Slain by a hornet
  6912 | D:6      | Reached XP level 7. HP: -3/63 MP: 8/8
  6938 | D:6      | Killed a hornet
  6939 | D:6      | Reached skill level 5 in Dodging
  7159 | D:8      | HP: 1/64 [killer bee (5)]
  7160 | D:8      | Succumbed to a killer bee's poison

Skill      XL: |  1  2  3  4  5  6  7  8 |
---------------+-------------------------+-----
Fighting       | 5 6 |  6.3
Stealth        | 1 2 3 4 |  4.2
Armour         | 2 3 5 6 |  6.2
Dodging        | 3 5 |  5.2
Short Blades   | |  6.3
Long Blades    | |  6.3
Axes           | |  6.3
Maces & Flails | |  6.3
Polearms       | |  6.3
Staves         | |  6.3
Unarmed Combat | |  6.3
Spellcasting   | |  1.0
Hexes          | |  1.0

Action                   |  1- 3 |  4- 6 |  7- 9 || total
-------------------------+-------+-------+-------++-------
Melee: Unarmed           |   104 |   259 |   277 ||   640
       Punch             |     5 |     2 |     5 ||    12
Invok: Heavenly Storm    |       |       |     1 ||     1
 Abil: Lunge             |    14 |    16 |     7 ||    37
       Whirlwind         |     8 |    13 |    20 ||    41
       Serpent's Lash    |       |     1 |     4 ||     5
  Use: Scroll            |       |     5 |     3 ||     8
       Potion            |       |       |     2 ||     2
 Stab: Sleeping          |     4 |     3 |     3 ||    10
       Distracted        |       |     1 |       ||     1
  Eat: Chunk             |     4 |    13 |    10 ||    27
Armor: Robe              |    11 |       |       ||    11
       Leather armour    |       |    32 |    39 ||    71
Dodge: Dodged            |    54 |   123 |   166 ||   343
Block: Other             |       |       |    39 ||    39
       Reflection        |       |       |     1 ||     1
